 Dungeon Crawl Stone Soup version 0.31-a0-358-gac0dbeb3ab (webtiles) character file.

Game seed: 2216444328117938797

1712 Newt the Cutter (level 9, -4/69 HPs)
             Began as a Merfolk Shapeshifter on July 25, 2023.
             Was a Follower of the Shining One.
             Killed from afar by an electric eel (12 damage)
             ... with a bolt of electricity
             ... on level 6 of the Dungeon.
             The game lasted 00:05:48 (6375 turns).

Newt the Cutter (Merfolk Shapeshifter)              Turns: 6375, Time: 00:05:49

Health: -4/69      AC:  6    Str: 18    XL:     9   Next: 4%
Magic:  18/18      EV: 13    Int:  7    God:    the Shining One [*.....]
Gold:   238        SH:  9    Dex: 16    Spells: 8/8 levels left

rFire   . . .        f - +6 rapier (flame)
rCold   . . .        E - +0 kite shield
rNeg    . . .        a - +0 animal skin
rPois   .            (no helmet)
rElec   .            A - +1 cloak "Zyecsud" {MP+9 Slay+6}
rCorr   .            (no gloves)
SInv    .            p - +1 pair of boots
Will    .....        (no amulet)
Stlth   +            (no ring)
HPRegen 0.31/turn    (no ring)
MPRegen 0.16/turn

%: no passive effects
@: glowing
A: (nimble swimmer 2), mertail
a: Renounce Religion, Divine Shield


You were on level 6 of the Dungeon.
You worshipped the Shining One.
The Shining One was aware of your devotion.
You visited 2 branches of the dungeon, and saw 7 of its levels.

You collected 238 gold pieces.

Inventory:

Hand Weapons
 f - a +6 rapier of flaming (weapon)
 g - a +0 spear
 D - a +3 long sword
Missiles
 r - 8 poisoned darts
Armour
 a - a +0 animal skin (worn)
 p - a +1 pair of boots (worn)
 A - the +1 cloak "Zyecsud" (worn) {MP+9 Slay+6}
   (You found it on level 5 of the Dungeon)

   Slay:      It affects your accuracy & damage with ranged weapons and melee
   (+6).
   MP:        It affects your magic capacity (+9).
 E - a +0 kite shield (worn)
Jewellery
 y - a ring of protection from cold
Talismans
 c - a beast talisman
Wands
 B - a wand of iceblast (9)
Scrolls
 d - a scroll of blinking {unknown}
 e - a scroll of noise
 l - a scroll of amnesia
 o - a scroll of teleportation
 q - a scroll of poison
 s - a scroll of brand weapon {unknown}
 t - a scroll of torment {unknown}
 v - 2 scrolls of enchant weapon {unknown}
 w - a scroll of fog {unknown}
 x - 2 scrolls of vulnerability {unknown}
Potions
 b - 2 potions of lignification
 h - a potion of mutation
 i - 2 potions of enlightenment
 j - 2 potions of might
 k - 2 potions of degeneration
 m - a potion of curing
 n - a potion of heal wounds
 u - a potion of resistance {unknown}
 z - a potion of berserk rage {unknown}
 C - a potion of attraction {unknown}


   Skills:
 - Level 6.0 Fighting
 - Level 7.0 Short Blades
 - Level 3.0 Armour
 - Level 5.0 Dodging
 - Level 4.0 Shields
 - Level 3.2 Unarmed Combat
 + Level 0.0 Evocations
 - Level 5.7 Shapeshifting


You had 8 spell levels left.
You didn't know any spells.
Your spell library contained the following spells:

 Spells                   Type           Power      Damage    Failure   Level
 Shock                    Conj/Air       0%         1d3       77%         1
 Blink                    Tloc           0%         N/A       88%         2
 Lesser Beckoning         Tloc           0%         N/A       88%         2
 Momentum Strike          Conj/Tloc      0%         3d8       88%         2
 Ozocubu's Armour         Ice            0%         N/A       98%         3
 Swiftness                Air            0%         N/A       98%         3
 Airstrike                Air            0%         2d(0-16)  100%        4
 Metabolic Englaciation   Hex/Ice        0%         N/A       100%        5
 Simulacrum               Ice/Necr       0%         N/A       100%        6
 Ozocubu's Refrigeration  Ice            0%         4d7       100%        7


Dungeon Overview and Level Annotations

Branches:
Dungeon (6/15)             Temple (1/1) D:4

Altars:
Cheibriados
Dithmenos
Elyvilon
Fedhas
Gozag
Hepliaklqana
Kikubaaqudgha
Makhleb
Nemelex Xobeh
Okawaru
Qazlal
Ru
Sif Muna
Trog
Uskayaw
Vehumet
Wu Jian
Xom
Yredelemnul
Zin
The Shining One

Annotations:
D:6 3 runed translucent doors, cforsyth's ghost, novice GnAr


Innate Abilities, Weirdness & Mutations

((You are very nimble when in or above water. (Stealth+, EV+, Speed+++)))
Your lower body shifts to a powerful aquatic tail in water.


Message History

The electric eel is severely wounded.
You closely miss the electric eel.
The electric eel is severely wounded.
The electric eel shoots out a bolt of lightning at you!
The bolt of electricity misses the electric eel.
The bolt of electricity hits you!
The electric eel shoots out a bolt of lightning at you!
The bolt of electricity hits you! x2
* * * LOW HITPOINT WARNING * * *
The electric eel shoots out a bolt of lightning at you!
The bolt of electricity hits the electric eel.
The electric eel completely resists.
The bolt of electricity hits you!
* * * LOW HITPOINT WARNING * * *
Unknown command.
Unknown command.
Okay, then.
You feel much better.
The electric eel shoots out a bolt of lightning at you!
The bolt of electricity hits you.
* * * LOW HITPOINT WARNING * * *
The bolt of electricity hits you!
* * * LOW HITPOINT WARNING * * *
Unknown command.
You feel much better.
The electric eel shoots out a bolt of lightning at you!
The bolt of electricity hits you! x2
* * * LOW HITPOINT WARNING * * *
You feel much better.
The electric eel shoots out a bolt of lightning at you!
The bolt of electricity hits you!
* * * LOW HITPOINT WARNING * * *
The bolt of electricity misses you.
You closely miss the electric eel.
The electric eel is severely wounded.
The electric eel shoots out a bolt of lightning at you!
The bolt of electricity hits you!
* * * LOW HITPOINT WARNING * * *
The electric eel shoots out a bolt of lightning at you!
The bolt of electricity misses you. The bolt of electricity hits you!
You die...

....# #..##~~..'..# ##........
.#..# ######~#####.## #.........
....###....~##≈≈≈### ##......###
....##~######≈S?≈≈# #..#.....##
....#~##≈SS##)?!~.# ##..##....##
....#†#≈≈.≈≈#.~~.~# #..####.....
.##.#~#)~$|~#P..SP####..# ##....
#####~#..~P.#.....#.#..## #.... #
#.#.P.P~#...@.#.....## #.... ###
#.#.....##..'###.....####...#
..###.# #####..#.......<....#
....#.## +##~~~).##.............
....##~####.~~#####..#...######..
.....##~~~..#### ##).##..# #..
...##########..###..###..# #..
...#####..#.....##).# #..# ##..
...##......##....).## #..# #..#


You could see 2 electric eels.

Vanquished Creatures
  Pikel (D:6)
  An ice beast (D:6)
  A black bear (D:6)
  A sky beast (D:6)
  An ogre (D:6)
  A centaur (D:6)
  2 lemures (D:6)
  A bullfrog (D:6)
  2 scorpions
  3 wights (D:6)
  An electric eel (D:6)
  2 hounds (D:5)
  A jelly (D:6)
  A sleepcap (D:6)
  4 iguanas
  An orc wizard (D:6)
  9 adders
  A shadow imp (D:6)
  An ufetubus (D:6)
  3 worms
  2 dart slugs (D:3)
  6 orcs
  6 bats
  7 endoplasms
  3 giant cockroaches
  7 goblins
  9 hobgoblins
  4 jackals (D:3)
  8 kobolds
  4 quokkas
  6 ball pythons
  3 frilled lizards
  5 rats
108 creatures vanquished.

Vanquished Creatures (others)
  An orc wizard (D:6)
1 creature vanquished.

Grand Total: 109 creatures vanquished

Notes
Turn   | Place    | Note
-------+----------+-------------------------------------------
     0 | D:1      | Newt the Merfolk Shapeshifter began the quest for the Orb.
     0 | D:1      | Reached XP level 1. HP: 15/15 MP: 1/1
   133 | D:1      | Reached XP level 2. HP: 15/22 MP: 2/2
   418 | D:1      | Reached XP level 3. HP: 29/29 MP: 3/3
   737 | D:2      | Identified a scroll of acquirement
   740 | D:2      | Acquired a +6 rapier of flaming
  1222 | D:2      | Reached XP level 4. HP: 19/37 MP: 4/4
  1329 | D:2      | Reached skill level 1 in Short Blades
  1355 | D:2      | Found a faded altar of an unknown god.
  1630 | D:3      | Reached skill level 2 in Short Blades
  1651 | D:3      | Identified the +3 falchion of Classification {heavy, Will+
                  | Dex+3}
  1949 | D:3      | Reached skill level 3 in Short Blades
  2304 | D:3      | Reached XP level 5. HP: 42/42 MP: 5/5
  2918 | D:4      | Reached skill level 4 in Short Blades
  3404 | D:4      | Found a staircase to the Ecumenical Temple.
  3413 | Temple   | Entered the Ecumenical Temple
  3418 | Temple   | Became a worshipper of the Shining One
  3639 | D:5      | Entered Level 5 of the Dungeon
  3682 | D:5      | Identified the +1 cloak "Zyecsud" {MP+9 Slay+6}
  3752 | D:5      | Reached skill level 5 in Shapeshifting
  3752 | D:5      | Reached XP level 6. HP: 35/48 MP: 6/6
  4725 | D:6      | Noticed an ice beast
  4733 | D:6      | Killed an ice beast
  4763 | D:6      | Reached XP level 7. HP: 36/54 MP: 7/7
  4765 | D:6      | Reached skill level 5 in Dodging
  5024 | D:6      | Noticed cforsyth's ghost (novice GnAr)
  5043 | D:6      | Reached skill level 5 in Fighting
  5071 | D:6      | Noticed Pikel
  5095 | D:6      | Killed Pikel
  5096 | D:6      | Reached skill level 7 in Short Blades
  5096 | D:6      | Reached XP level 8. HP: 48/64 MP: 8/8
  5161 | D:6      | Found a hide-covered altar of Uskayaw.
  5161 | D:6      | Found an ancient bone altar of Kikubaaqudgha.
  5167 | D:6      | Reached skill level 1 in Armour
  5582 | D:6      | Reached skill level 1 in Shields
  5584 | D:6      | Found a runed translucent gate.
  5584 | D:6      | Found a runed translucent gate.
  5641 | D:6      | Found a runed translucent gate.
  6085 | D:6      | Reached * piety under the Shining One
  6092 | D:6      | Reached XP level 9. HP: 59/69 MP: 9/9
  6370 | D:6      | HP: 2/69 [electric eel/bolt of electricity (13)]
  6375 | D:6      | Killed from afar by an electric eel

Illustrated notes

Levels and vault maps discovered:
D:1:      grunt_arrival_lava_bath, layout_basic
D:2:      layout_basic, shapermc_ecumenical_altar_mp_ritualfount
D:3:      corexii_shack_village, layout_basic, chequers_serial_rivers_micro_a,
          minmay_stone_trees_small
D:4:      layout_basic, lemuel_temple_firewalk_a, roderic_serpentine_path,
          wad_orctagon
D:5:      layout_basic
D:6:      cheibrodos_two_vegetables, layout_layer_cave,
          gammafunk_temple_overflow_pools, gammafunk_ghost_split, uniq_pikel
Temple:   hellmonk_temple_of_storms

Skill      XL: |  1  2  3  4  5  6  7  8  9 |
---------------+----------------------------+-----
Fighting       | 2 3 4 6 |  6.0
Short Blades   | 3 4 7 |  7.0
Shapeshifting  | 5 |  5.7
Dodging        | 4 5 |  5.0
Armour         | 3 |  3.0
Shields        | 3 4 |  4.0
Unarmed Combat | |  3.2

Action                     |  1- 3 |  4- 6 |  7- 9 || total
---------------------------+-------+-------+-------++-------
  Melee: Unarmed           |    39 |       |       ||    39
         Punch             |     2 |     3 |     3 ||     8
         Spear             |    11 |       |       ||    11
         Rapier            |    25 |   115 |    74 ||   214
         Tailslap          |       |       |     4 ||     4
  Evoke: Wand              |       |       |     2 ||     2
    Use: Scroll            |     5 |     6 |       ||    11
         Potion            |       |     3 |     4 ||     7
   Stab: Sleeping          |     1 |     2 |       ||     3
 Armour: Animal skin       |     6 |    16 |    19 ||    41
  Dodge: Dodged            |    36 |    80 |    42 ||   158
  Block: Kite shield       |       |       |     4 ||     4
         Form:             |       |     1 |       ||     1

Table legend: (Time is in decaauts)
 A = Elapsed time spent in this place.
 B = Non-inter-level travel time spent in this place.
 C = Inter-level travel time spent in this place.
 D = Time resting spent in this place.
 E = Time spent auto-exploring this place.
 F = Levels seen in this place.
 G = Mean time per level.
                   A        B        C        D        E       F      G
               +--------+--------+--------+--------+--------+-----+--------+
         Total |   6371 |   6159 |    212 |   1080 |   4341 |   7 |  910.1 |
       Dungeon |   6360 |   6153 |    207 |   1080 |   4341 |   6 | 1060.0 |
        Temple |     10 |      6 |      4 |      0 |      0 |   1 |   10.0 |
               +--------+--------+--------+--------+--------+-----+--------+

Top non-repeatable levels by time:
     D:6: 1645 daAuts
     D:3: 1135 daAuts
     D:5: 1079 daAuts
     D:4: 928 daAuts
     D:2: 836 daAuts
     D:1: 734 daAuts
  Temple: 10 daAuts
